 Dungeon Crawl Stone Soup version 0.29.1-15-g9cfb28693d (webtiles) character file.

Game seed: 16060507981242060822

81 sentinel the Digger (level 5, -1/38 HPs)
             Began as a Meteoran Earth Elementalist on Aug 3, 2023.
             Slain by an iguana (8 damage)
             ... on level 4 of the Dungeon.
             The game lasted 00:01:05 (166 turns).

sentinel the Digger (Meteoran Earth Elementalist)    Turns: 166, Time: 00:01:05

Health: -1/38      AC:  3    Str:  9    XL:     5   Next: 0%
Magic:  0/12       EV: 12    Int: 18    God:
Gold:   0          SH:  0    Dex: 15    Spells: 9/12 levels left

rFire   . . .      SeeInvis .   (no weapon)
rCold   . . .      Faith    .   (no shield)
rNeg    . . .      Spirit   .   a - +0 robe
rPois   .          Reflect  .   (no helmet)
rElec   .          Harm     .   (no cloak)
rCorr   .          Rampage  .   d - +0 pair of gloves
Will    .....                   (no boots)
Stlth   +.........              (no amulet)
HPRegen 0.12/turn               (no ring)
MPRegen 0.13/turn               (no ring)

@: glowing
A: sense surroundings 1, otherworldly, glowing, explore regen
a: no special abilities


You were on level 4 of the Dungeon.
You visited 1 branch of the dungeon, and saw 4 of its levels.

Inventory:

Armour
 a - a +0 robe (worn)
 d - a +0 pair of gloves (worn)
Scrolls
 c - a scroll of enchant armour {unknown}
 e - a scroll of torment {unknown}
 g - a scroll of poison {unknown}
Potions
 b - a potion of magic
 f - a potion of might {unknown}
 h - 3 potions of haste {unknown}


   Skills:
 - Level 2.4 Dodging
 - Level 1.4 Stealth
 + Level 4.4 Spellcasting
 - Level 1.2 Transmutations
 - Level 5.0 Earth Magic


You had 9 spell levels left.
You knew the following spells:

 Your Spells              Type           Power      Damage    Failure   Level
a - Sandblast             Erth           44%        2d11      1%          1
j - Passwall              Tmut/Erth      12%        N/A       6%          2

Your spell library contained the following spells:

 Spells                   Type           Power      Damage    Failure   Level
 Stone Arrow              Conj/Erth      26%        3d8       16%         3
 Petrify                  Tmut/Erth      15%        N/A       36%         4


Dungeon Overview and Level Annotations

Branches:
Dungeon (4/15) Zot: 2224
 Temple: D:4-7

Altars:


Innate Abilities, Weirdness & Mutations

You passively map a small area around you.
You are easily found by Zot.
You glow in the dark.
You regain HP and MP as you explore.


Message History

An endoplasm comes into view.
The endoplasm quivers.
The blast of sand hits the endoplasm!
You kill the endoplasm!
You can't see any susceptible monsters within range! (Use Z to cast anyway.)
c - a scroll labelled UBEMMA UN WASCH
Found 5 stones.
You see here 5 stones.
Found a fuming black potion and a pair of gloves.
A ball python comes into view.
The ball python hisses angrily.
You see here a +0 pair of gloves.
The blast of sand hits the ball python.
You kill the ball python!
Your Earth Magic skill increases to level 4!
You can't see any susceptible monsters within range! (Use Z to cast anyway.)
You start putting on your armour.
You continue putting on your +0 pair of gloves. x4
You finish putting on your +0 pair of gloves.
Found a stone staircase leading down.
A rat comes into view.
Found a scroll labelled WAOSUPS EBIA.
You see here a fuming black potion.
The blast of sand hits the rat!
You kill the rat!
You have reached level 2!
You see here a rat corpse.
Found 16 gold pieces.
An endoplasm comes into view.
You see here a scroll labelled WAOSUPS EBIA.
The endoplasm quivers.
You see here a scroll labelled WAOSUPS EBIA.
e - a scroll labelled WAOSUPS EBIA You miscast Sandblast.
You are very lightly contaminated with residual magic.
Nothing appears to happen.
The blast of sand hits the endoplasm!
You kill the endoplasm!
You can't see any susceptible monsters within range! (Use Z to cast anyway.)
You see here a rat corpse.
Your magical contamination has completely faded away.
f - a fuming black potion
There is a stone staircase leading down here.
(D) Dungeon
Where to? (? - help)
You climb downwards.
Magic restored.
There is a stone staircase leading up here.
Found an escape hatch in the floor.
There is an escape hatch in the floor here.
You slide downwards.
The hatch slams shut behind you.
Found four items.
Found a stone staircase leading down.
g - a scroll labelled VENWU NU UME A hobgoblin comes into view.
Found 10 gold pieces.
You see here 3 coppery potions.
The blast of sand hits the hobgoblin.
You kill the hobgoblin!
You can't see any susceptible monsters within range! (Use Z to cast anyway.)
You can't see any susceptible monsters within range! (Use Z to cast anyway.)
h - 3 coppery potions
There is a stone staircase leading down here.
You climb downwards.
The goblin shouts!
There is a stone staircase leading up here.
The blast of sand misses the goblin.
The goblin closely misses you.
The blast of sand hits the goblin.
You kill the goblin!
Casting: Sandblast (safe; 3% risk of failure)
Confirm with . or Enter, or press ? or * to list all spells.
You don't know that spell.
Unknown command.
Memorise Passwall, consuming 2 spell levels and leaving 3?
You start memorising the spell.
You continue memorising. x2
You finish memorising.
Spell assigned to 'j'.
Casting: Sandblast (safe; 3% risk of failure)
Confirm with . or Enter, or press ? or * to list all spells.
Aiming: Passwall (safe; 10% risk of failure)
Press: ? - help, Dir - move target A rock wall.
You begin to meditate on the wall.
You continue meditating on the rock. x2
You finish merging with the rock.
Found 11 gold pieces and 2 stones.
An endoplasm comes into view.
The endoplasm quivers. x2
The blast of sand hits the endoplasm!
You kill the endoplasm!
The blast of sand hits the endoplasm!
You kill the endoplasm!
You can't see any susceptible monsters within range! (Use Z to cast anyway.)
An iguana comes into view.
A phantom comes into view.
The iguana hisses angrily.
The blast of sand hits the phantom.
The phantom is lightly damaged.
The blast of sand hits the phantom!
The phantom is heavily damaged.
The phantom hits you.
The blast of sand hits the phantom but does no damage.
The phantom is heavily damaged.
The phantom barely misses you.
The blast of sand hits the phantom but does no damage.
The phantom is heavily damaged.
The phantom hits you.
The phantom blinks!
You blink.
Found a sling.
The phantom hits you but does no damage.
The blast of sand misses the phantom.
The phantom hits you. The phantom closely misses you. The phantom hits you.
Casting: Sandblast (safe; 3% risk of failure)
Confirm with . or Enter, or press ? or * to list all spells.
Aiming: Sandblast (safe; 3% risk of failure)
Press: ? - help, Shift-Dir - straight line, f/p - phantom
Aim: a phantom (heavily damaged, 75% to hit)
The blast of sand hits the phantom.
The phantom is severely damaged.
The phantom hits you!
The phantom blinks!
You blink.
The phantom hits you.
The phantom blinks!
You blink.
HP warning!
Casting: Sandblast (safe; 3% risk of failure)
Confirm with . or Enter, or press ? or * to list all spells.
Aiming: Sandblast (safe; 3% risk of failure)
Press: ? - help, Shift-Dir - straight line, f/p - phantom
Aim: a phantom (severely damaged, 75% to hit)
The blast of sand hits the phantom!
You destroy the phantom!
Training target 5.0 for Earth Magic reached!
Your Earth Magic skill increases to level 5!
You need to enable at least one skill for training.
Your Spellcasting skill gained 2 levels and is now at level 4!
You have reached level 3!
Your experience leads to an increase in your attributes!
Increase (s)trength, (i)ntelligence, or (d)exterity?
You feel clever. x2; You feel agile.
You have reached level 4!
You have reached level 5!
Okay, then.
Okay, then.
Casting: Sandblast (safe; 1% risk of failure)
Confirm with . or Enter, or press ? or * to list all spells.
Aiming: Sandblast (safe; 1% risk of failure)
Press: ? - help, Shift-Dir - straight line, f - iguana
Aim: an iguana (85% to hit)
Okay, then.
Casting: Sandblast (safe; 1% risk of failure)
Confirm with . or Enter, or press ? or * to list all spells.
Aiming: Sandblast (safe; 1% risk of failure)
Press: ? - help, Shift-Dir - straight line, f - iguana
Aim: an iguana (85% to hit)
The blast of sand hits the iguana.
The iguana is lightly wounded.
The iguana bites you!
You die...

# #.....####.#
#.###......#* ,
#.##.......# *
, #..........#
* ####.......#
*
#.#..........#
, ,
#............#
*
#.....#......#
,
*#..####...l@.#
#. #......#
,,,.. #......#
.* #).....# ,
######## * * *


You could see an iguana.

Vanquished Creatures
  A phantom (D:4)
  A ball python (D:1)
  5 endoplasms
  A goblin (D:4)
  A hobgoblin (D:3)
  A rat (D:1)
10 creatures vanquished.

Notes
Turn   | Place    | Note
-------+----------+-------------------------------------------
     0 | D:1      | sentinel the Meteoran Earth Elementalist began the quest
                  | for the Orb.
     0 | D:1      | Reached XP level 1. HP: 14/14 MP: 5/5
    50 | D:1      | Reached skill level 4 in Earth Magic
    76 | D:1      | Reached XP level 2. HP: 20/20 MP: 4/6
   144 | D:4      | Learned a level 2 spell: Passwall
   155 | D:4      | Noticed a phantom
   165 | D:4      | Killed a phantom
   166 | D:4      | Reached skill level 5 in Earth Magic
   166 | D:4      | Reached XP level 3. HP: 5/26 MP: 1/9
   166 | D:4      | Reached XP level 4. HP: 6/33 MP: 1/11
   166 | D:4      | Reached XP level 5. HP: 7/38 MP: 1/12
   166 | D:4      | Slain by an iguana

Illustrated notes

Levels and vault maps discovered:
D:1:      dpeg_arrival_shrine, layout_loops_cross, minmay_cupped
D:2:      layout_basic, basic_altar, hellmonk_ecumenical_altar_lost_god,
          uniq_robin
D:3:      layout_rooms, mainiacjoe_overflow_alcove_4, uniq_terence
D:4:      layout_basic, minmay_distorted

Skill      XL: |  1  2 |
---------------+-------+-----
Earth Magic    | 4 5 |  5.0
Spellcasting   | 4 |  4.4
Dodging        | |  2.4
Stealth        | |  1.4
Transmutations | |  1.2

Action                   |  1- 3 |  4- 6 || total
-------------------------+-------+-------++-------
 Cast: Sandblast         |    17 |     1 ||    18
       Passwall          |     1 |       ||     1
Armor: Robe              |     1 |       ||     1
Dodge: Dodged            |     3 |       ||     3
